Match 42504093
Unlisted

Match 42504093
End
Construct Infanterie Kompanie
Grenadier Squad
MG 42 Machine Gun Team
Selects Terror Battlegroup
Selects Machine Gun Camouflage
Grenadier Squad
Construct Luftwaffe Kompanie
Selects Interrogate
Jäger Squad
Luftwaffe Officer Quarters
Support Elements
Jäger Squad
Medical Bunker
Wirbelwind Flakpanzer
Side Skirts
Marder III M Tank Destroyer
Selects No Quarter
Jäger Squad
Jäger Squad
Marder III M Tank Destroyer
MG 42 Machine Gun Team
MG 42 Machine Gun Team
Selects King Tiger Heavy Tank
King Tiger Heavy Tank
MG 42 Machine Gun Team
MG 42 Machine Gun Team
Jäger Squad
Jäger Squad
Selects Propaganda Leaflet Drop
Selects V1 Rocket Strike
Revan
Medizinstudent
Hon
✠ Eurocopter Tiger ✠
homig
kerem
ShadowStorm
Hanzz
0
0

Comments sign in to comment!

No comments posted yet!